 Dungeon Crawl Stone Soup version 0.30-a0-141-g30f27751c5 (webtiles) character file.

Game seed: 10286862922946303290

123551 freelancePsychic the Frost Mage (level 16, -1/139 HPs)
             Began as a Demonspawn Venom Mage on Sept 25, 2022.
             Was a High Priest of Vehumet.
             Killed from afar by Ilsuiw (22 damage)
             ... with a shard of ice
             ... on level 2 of the Shoals.
             The game lasted 01:00:26 (35294 turns).

freelancePsychic the Frost Mage (DsVM)             Turns: 35294, Time: 01:00:27

Health: -1/139     AC: 15    Str:  9    XL:     16   Next: 37%
Magic:  28/30      EV: 19    Int: 26    God:    Vehumet [*****.]
Gold:   1428       SH: 11    Dex: 15    Spells: 10/35 levels left

rFire   . . .      SeeInvis .    a - +6 dagger (drain)
rCold   . . .      Faith    .    V - +0 buckler
rNeg    . . .      Spirit   .    G - +0 troll leather armour
rPois   +          Reflect  +    K - +2 helmet
rElec   .          Harm     .    s - +0 cloak
rCorr   .          Rampage  .    (gloves unavailable)
Will    +....                    o - +2 pair of boots
Stlth   ++........               k - amulet of reflection
HPRegen 1.13/turn                S - ring of poison resistance
MPRegen 0.22/turn                T - ring "Meill" {Wiz Int+3}

@: agile, studying Armour
A: claws 3, rugged brown scales 2, powered by pain 2, demonic magic 2
a: Renounce Religion


You were on level 2 of the Shoals.
You worshipped Vehumet.
Vehumet was extremely pleased with you.
You visited 6 branches of the dungeon, and saw 27 of its levels.
You also visited: Ossuary and Ice Cave.

You collected 2751 gold pieces.
You spent 1323 gold pieces at shops.

Inventory:

Hand Weapons
 a - a +6 dagger of draining (weapon)
Armour
 o - a +2 pair of boots (worn)
 s - a +0 cloak (worn)
 G - a +0 troll leather armour (worn)
 I - the +0 pair of gloves of the Beekeeper {Int+5}
   (You bought it in a shop on level 2 of the Orcish Mines)

   Int:       It affects your intelligence (+5).
 K - a +2 helmet (worn)
 R - +0 acid dragon scales
 V - a +0 buckler (worn)
Magical Staves
 m - a staff of fire
Jewellery
 k - an amulet of reflection (around neck)
 u - a ring of see invisible
 x - a +4 ring of protection
 L - a ring of wizardry
 S - a ring of poison resistance (left claw)
 T - the ring "Meill" (right claw) {Wiz Int+3}
   (You bought it in a shop on level 10 of the Dungeon)

   [ring of wizardry]

   It improves your spell success rate.
   Int:       It affects your intelligence (+3).
 W - a ring of flight
 X - a ring of resist corrosion
 Y - a ring of magical power
 Z - a ring of fire
Wands
 d - a wand of polymorph (20)
 t - a wand of iceblast (57)
 A - a wand of flame (67)
 B - a wand of digging (21)
 D - a wand of quicksilver (18)
 M - a wand of mindburst (9)
 Q - a wand of charming (26)
Scrolls
 c - 7 scrolls of teleportation {@r4}
 e - 4 scrolls of magic mapping
 h - 4 scrolls of noise
 n - 3 scrolls of blinking
 p - 3 scrolls of amnesia
 r - a scroll of silence
 v - 3 scrolls of poison
 y - a scroll of immolation
 C - 5 scrolls of butterflies
 E - 7 scrolls of identify {@r1}
 F - 3 scrolls of fear
 H - a scroll of summoning
 O - a scroll of brand weapon
Potions
 b - 2 potions of magic
 f - 6 potions of haste {@q3}
 g - 2 potions of ambrosia
 i - 5 potions of attraction
 j - 8 potions of curing {@q1}
 l - 5 potions of brilliance
 q - 3 potions of heal wounds {@q2}
 z - 5 potions of might
 J - 8 potions of mutation
 N - 4 potions of lignification
 P - 2 potions of resistance
 U - a potion of cancellation
Miscellaneous
 w - a phantom mirror


   Skills:
 - Level 14.3 Fighting
 - Level 8.4 Short Blades
 - Level 9.2 Armour
 + Level 7.2 Dodging
 - Level 4.0 Stealth
 - Level 8.6 Shields
 - Level 10.0 Spellcasting
 + Level 0.3 Conjurations
 - Level 0.8 Transmutations
 - Level 14.4 Ice Magic
 - Level 1.0 Air Magic
 + Level 0.3 Earth Magic
 - Level 8.7 Poison Magic


You had 10 spell levels left.
You knew the following spells:

 Your Spells              Type           Power      Damage    Failure   Level
a - Iron Shot             Conj/Erth      7%         9d2       63%         6
b - Poisonous Vapours     Pois/Air       76%        N/A       1%          2
c - Ozocubu's Refrigerat  Ice            36%        4d15      2%          7
d - Olgreb's Toxic Radia  Pois           55%        N/A       1%          4
e - Freezing Cloud        Conj/Ice/Air   20%        6-21      3%          5
f - Sting                 Tmut/Pois      100%       1d8       1%          1

Your spell library contained the following spells:

 Spells                   Type           Power      Damage    Failure   Level
 Cigotuvi's Dreadful Rot  Necr/Pois/Air  58%        N/A       1%          2
 Ensorcelled Hibernation  Hex/Ice        100%       N/A       1%          2
 Mephitic Cloud           Conj/Pois/Air  30%        N/A       1%          3
 Ozocubu's Armour         Ice            73%        N/A       1%          3
 Spider Form              Tmut/Pois      37%        N/A       1%          3
 Hailstorm                Conj/Ice       51%        3d11      1%          4
 Ice Form                 Ice/Tmut       52%        N/A       1%          4
 Necrotise                Necr           52%        1d6       3%          1
 Wereblood                Tmut           17%        N/A       3%          2
 Sublimation of Blood     Necr           13%        N/A       4%          2
 Fulminant Prism          Conj/Hex       7%         3d7       8%          4
 Gell's Gravitas          Tloc           13%        N/A       9%          3
 Lesser Beckoning         Tloc           13%        N/A       9%          3
 Teleport Other           Tloc           13%        N/A       9%          3
 Yara's Violent Unravell  Hex/Tmut       7%         3d5       17%         5
 Simulacrum               Ice/Necr       25%        N/A       22%         6
 Anguish                  Hex/Necr       6%         N/A       28%         4
 Cause Fear               Hex            6%         N/A       28%         4
 Dispel Undead            Necr           13%        3d9       28%         4
 Death Channel            Necr           6%         N/A       98%         6
 Dragon Form              Tmut           8%         N/A       100%        7
 Summon Hydra             Summ           6%         N/A       100%        7
 Dragon's Call            Summ           6%         N/A       100%        9


Dungeon Overview and Level Annotations

Branches:
Dungeon (15/15)            Temple (0/1) D:6            Lair (5/5) D:9
 Shoals (2/4) Lair:2       Spider (2/4) Lair:2        Slime (0/5) Lair:5
    Orc (2/2) D:11            Elf (1/3) Orc:2        Vaults (0/5) D:13
Ossuary (visited)           IceCv (visited)
 Depths: D:15

Altars:
Dithmenos
Gozag
Kikubaaqudgha
Makhleb
Okawaru
Qazlal
Sif Muna
Trog
Vehumet
Wu Jian
Xom
Yredelemnul
Ignis
Jiyva

Shops:
D:10 =:?(   Orc:2 [*((

Portals:
Abyss: D:4
Trove: D:12 (give +2 gold dragon scales)

Annotations:
D:4 2 transporters, blackman's ghost, weakling HuDe
D:8 2 transporters
D:9 exclusion: door, Erolcha
D:13 Rupert
D:14 Agnes
Lair:4 3 runed translucent doors, Catyentaxio's ghost, journeyman MfBe
Shoals:2 Ilsuiw
Elf:1 1 runed translucent door


Innate Abilities, Weirdness & Mutations

You have claws for hands.
You are mostly covered in rugged brown scales. (AC +2, +5% HP)
You sometimes gain power by taking damage.
Spells you cast may paralyse nearby enemies.


Message History

The silver javelin pierces through the plant!
The silver javelin pierces through the plant!!
The merfolk javelineer throws a silver javelin.
The silver javelin closely misses you.
The silver javelin pierces through the plant! x3
The merfolk completely misses you. Ilsuiw hits you but does no damage.
The merfolk javelineer looks as sick as possible! x2
A nearby plant withers and dies.
The merfolk javelineer throws a silver javelin.
The silver javelin pierces through you!
You focus on the pain.
You feel agile all of a sudden. The silver sears you!
The silver javelin pierces through the plant!
The silver javelin pierces through the plant!!
The plant begins to die.
The merfolk javelineer throws a silver javelin.
The silver javelin pierces through you! The silver sears you!
* * * LOW HITPOINT WARNING * * *
The silver javelin pierces through the plant!
The silver javelin pierces through the plant!!
Ilsuiw looks as sick as possible!
The merfolk javelineer looks as sick as possible!
Your toxic aura wanes.
A nearby plant withers and dies. x2
A nearby plant withers and dies.
The merfolk javelineer throws a silver javelin.
The silver javelin completely misses you.
The silver javelin pierces through the plant!
The plant begins to die.
A nearby plant withers and dies.
There is a stone staircase leading up here.
A nearby plant withers and dies.
The merfolk javelineer throws a silver javelin.
The silver javelin pierces through you!
* * * LOW HITPOINT WARNING * * *
The silver sears you!
* * * LOW HITPOINT WARNING * * *
Ilsuiw casts a spell at you. The shard of ice hits you!!
You die...

≈≈≈≈≈≈≈≈≈≈≈≈≈≈
≈≈≈≈≈≈≈≈≈≈≈≈≈
≈≈≈≈≈≈≈~~~~~≈≈≈≈≈≈
≈≈≈≈≈≈~~~~~~~~≈≈≈≈
≈≈≈≈≈~~~.. ~~~~≈≈≈
≈≈≈≈~~~.. .~~~≈≈≈
~~P~~~..# ..~~≈≈≈
~~~~P.P@# ..~~≈≈≈
~...~...###m.~~≈≈≈
...P~~....)m.~≈≈≈≈
..P~P~..mm).~~~≈≈≈
..PP~~~....~~~~~~≈
....~~~.P~P~~~~~~~
#....P~P~~~~~~~~~~
#.....~~~~~~~~.~~≈
#......P..~~~~..~~


You could see Ilsuiw (extremely poisoned) and a merfolk javelineer (very
poisoned).

Vanquished Creatures
  A kraken (Shoals:1)
  An orc warlord (D:11)
  2 deep elf annihilators (Elf:1)
  A spark wasp (Spider:2)
  2 merfolk impalers (Shoals:1)
  A yaktaur captain (D:14)
  A great orb of eyes (Shoals:1)
  A catoblepas (D:15)
  4 hydras
  An alligator snapping turtle (Shoals:1)
  2 ogre magi (D:11)
  5 boulder beetles
  2 jorogumos
  4 two-headed ogres
  A merfolk aquamancer (Shoals:1)
  6 centaur warriors
  2 deep elf knights (Elf:1)
  Sonja (D:13)
  Amaemon (D:8)
  A fire crab (Lair:4)
  A shadow wraith (D:13)
  2 pharaoh ants
  A sea snake (Shoals:1)
  Lodul (D:13)
  5 orb spiders
  2 deep elf archers (Elf:1)
  6 deep elf pyromancers (Elf:1)
  A wizard (D:13)
  Pikel (D:8)
  8 orc knights
  5 harpies (Shoals:1)
  An orc sorcerer (Orc:2)
  10 wolf spiders
  6 ugly things
  3 fauns (Shoals:1)
  7 manticores
  2 deep elf zephyrmancers (Elf:1)
  8 cyclopes
  3 black mambas
  11 elephants
  Maurice (D:9)
  4 merfolk sirens
  An orange demon (D:8)
  3 water nymphs (Shoals:1)
  2 gargoyles
  4 torpor snails
  Psyche (D:8)
  A demonic crawler (Lair:2)
  10 cane toads
  3 rime drakes (Lair:2)
  A yaktaur (D:14)
  2 kobold demonologists (D:12)
  2 freezing wraiths
  8 komodo dragons
  A tengu conjurer (D:11)
  2 wind drakes (Shoals:1)
  4 hornets
  3 meliai (Spider:2)
  10 trolls
  5 polar bears (Lair:5)
  9 merfolk
  A dream sheep (shapeshifter) (D:13)
  17 tarantellas
  14 jumping spiders
  8 slime creatures (D:14)
  2 snapping turtles
  17 dream sheep
  9 blink frogs
  Sigmund (D:4)
  A centaur simulacrum (D:11)
  A shadow (D:9)
  6 culicivoras (Spider:1)
  2 vampires (D:9)
  12 spriggans (Lair:5)
  68 yaks
  5 wraiths
  4 water elementals (Shoals:1)
  5 basilisks
  3 fire bats (Orc:1)
  20 fire elementals
  3 wyverns
  A steam dragon (D:7)
  12 redbacks
  3 vampire mosquitoes
  3 acid dragons
  5 wargs (Orc:2)
  15 water moccasins
  43 orc warriors
  5 ice beasts
  5 black bears
  5 boggarts (Lair:5)
  14 ogres
  22 wolves
  2 centaurs
  A phantom (D:7)
  3 kobold brigands
  8 bullfrogs
  Blork the orc (D:4)
  3 necrophages
  A gnoll sergeant (D:7)
  2 scorpions
  9 wights
  24 killer bees
  4 electric eels (D:10)
  A howler monkey (D:7)
  A gnoll bouda (D:6)
  5 hounds
  2 jellies
  15 orc priests
  Crazy Yiuf (D:2)
  3 iguanas
  23 orc wizards
  A mummy (D:4)
  10 adders
  11 gnolls
  A shadow imp (D:5)
  A white imp (D:6)
  An ufetubus (D:7)
  2 adder zombies (Ossuary)
  A worm (D:2)
  4 dart slugs
  99 orcs
  5 endoplasms
  3 goblins (D:1)
  4 hobgoblins
  5 quokkas
  5 ball pythons
  5 bats
  8 frilled lizards
  A hobgoblin skeleton (Ossuary)
  A hobgoblin zombie (D:4)
  22 kobolds
  3 kobold zombies
  2 orc skeletons (Ossuary)
  4 rats
  A bush (Lair:5)
  4 tentacles (Shoals:1)
846 creatures vanquished.

Vanquished Creatures (others)
  14 foxfires (Ossuary)
  67 fungi
  192 plants
273 creatures vanquished.

Grand Total: 1119 creatures vanquished

Notes
Turn   | Place    | Note
-------+----------+-------------------------------------------
     0 | D:1      | freelancePsychic the Demonspawn Venom Mage began the quest
                  | for the Orb.
     0 | D:1      | Reached XP level 1. HP: 13/13 MP: 3/3
   403 | D:1      | Gained mutation: Spells you cast may paralyse adjacent
                  | enemies. [demonic ancestry]
   403 | D:1      | Reached XP level 2. HP: 9/20 MP: 1/5
   406 | D:1      | Learned a level 2 spell: Poisonous Vapours
  1024 | D:1      | Reached skill level 1 in Air Magic
  1227 | D:2      | Reached skill level 1 in Fighting
  1227 | D:2      | Reached XP level 3. HP: 26/26 MP: 1/6
  1950 | D:2      | Found a faded altar of an unknown god.
  1962 | D:2      | Prayed at the altar of an unknown god.
  1962 | D:2      | Became a worshipper of Ignis, the Dying Flame
  2187 | D:2      | Found a runed translucent door.
  2188 | D:2      | Noticed Crazy Yiuf
  2327 | D:2      | Killed Crazy Yiuf
  2328 | D:2      | Reached skill level 1 in Short Blades
  2328 | D:2      | Reached XP level 4. HP: 9/32 MP: 0/7
  3409 | D:4      | Noticed a scorpion
  3419 | D:4      | Killed a scorpion
  3420 | D:4      | Reached XP level 5. HP: 38/38 MP: 8/8
  3458 | D:4      | Found a sand-covered staircase.
  3472 | Ossuary  | Entered an ossuary
  3902 | Ossuary  | Gained mutation: You have sharp fingernails. [demonic
                  | ancestry]
  3902 | Ossuary  | Reached XP level 6. HP: 44/44 MP: 6/9
  3950 | Ossuary  | Noticed a flying skull
  3950 | Ossuary  | Noticed a wraith
  3957 | Ossuary  | Noticed a flying skull
  3984 | Ossuary  | Noticed a flying skull
  3987 | Ossuary  | Noticed a flying skull
  4045 | Ossuary  | Noticed a wraith
  4078 | Ossuary  | Noticed a flying skull
  4081 | Ossuary  | Noticed a wraith
  4086 | Ossuary  | Killed a wraith
  4087 | Ossuary  | Gained mutation: You are partially covered in rugged brown
                  | scales. (AC +1, +3% HP) [demonic ancestry]
  4087 | Ossuary  | Reached XP level 7. HP: 47/53 MP: 7/10
  4152 | Ossuary  | Killed a wraith
  4247 | D:4      | Noticed Sigmund
  4281 | D:4      | Killed Sigmund
  4388 | D:4      | Found an iron altar of Okawaru.
  4412 | D:4      | Found a one-way gate to the infinite horrors of the Abyss.
  4412 | D:4      | Noticed blackman's ghost (weakling HuDe)
  4412 | D:4      | Noticed Blork the orc
  4429 | D:4      | Killed Blork the orc
  4600 | D:4      | Found a transporter.
  4657 | D:4      | Noticed an ancient zyme
  4671 | D:4      | Found a transporter.
  5298 | D:5      | Entered Level 5 of the Dungeon
  5301 | D:5      | Reached skill level 5 in Poison Magic
  5365 | D:5      | Gained mutation: You are mostly covered in rugged brown
                  | scales. (AC +2, +5% HP) [demonic ancestry]
  5365 | D:5      | Reached XP level 8. HP: 54/64 MP: 11/13
  5756 | D:5      | Reached skill level 5 in Fighting
  5920 | D:5      | Learned a level 4 spell: Olgreb's Toxic Radiance
  7037 | D:6      | Found a staircase to the Ecumenical Temple.
  7056 | D:6      | Reached skill level 5 in Spellcasting
  7328 | D:6      | Gained mutation: You have very sharp fingernails. [demonic
                  | ancestry]
  7328 | D:6      | Reached XP level 9. HP: 72/72 MP: 4/16
  7689 | D:6      | Reached skill level 1 in Ice Magic
  8655 | D:7      | Found a basalt altar of Yredelemnul.
  9312 | D:8      | Noticed Pikel
  9322 | D:8      | Killed Pikel
  9323 | D:8      | Gained mutation: You sometimes gain a little power by
                  | taking damage. [demonic ancestry]
  9323 | D:8      | Reached XP level 10. HP: 49/82 MP: 6/19
  9325 | D:8      | Reached skill level 5 in Ice Magic
  9545 | D:8      | Noticed Psyche
  9561 | D:8      | Killed Psyche
  9993 | D:8      | Noticed a green ugly thing
  9994 | D:8      | Found a transporter.
  9994 | D:8      | Noticed a four-headed hydra
  9995 | D:8      | Noticed a boulder beetle
 10003 | D:8      | Noticed a cyclops
 10012 | D:8      | Found a transporter.
 10026 | D:8      | Noticed an orange demon
 10027 | D:8      | Noticed Amaemon
 10040 | D:8      | Killed Amaemon
 10052 | D:8      | Killed an orange demon
 10380 | D:8      | Noticed a guardian serpent
 10385 | D:8      | a guardian serpent changed into a queen bee
 10664 | D:9      | Noticed Erolcha
 10771 | D:9      | Found a radiant altar of Vehumet.
 10774 | D:9      | Found a burning altar of Makhleb.
 10781 | D:9      | Found a stormy altar of Qazlal.
 10784 | D:9      | Found a bloodstained altar of Trog.
 10790 | D:9      | Found a shimmering blue altar of Sif Muna.
 10795 | D:9      | Found an opulent altar of Gozag.
 10880 | D:9      | Found a shimmering altar of Xom.
 10992 | D:9      | Noticed Maurice
 11003 | D:9      | Reached XP level 11. HP: 91/91 MP: 12/21
 11006 | D:9      | Killed Maurice
 11174 | D:9      | Found a staircase to the Lair.
 11357 | D:10     | Entered Level 10 of the Dungeon
 11372 | D:10     | Found Iwnep's Jewellery Emporium.
 11381 | D:10     | Learned a level 7 spell: Ozocubu's Refrigeration
 11465 | D:10     | Found Pylit's Magic Scroll Boutique.
 11470 | D:10     | Bought 2 scrolls of identify for 48 gold pieces
 11798 | D:10     | Found an ancient bone altar of Kikubaaqudgha.
 11799 | D:10     | Found an ornate altar of the Wu Jian Council.
 11825 | D:10     | Found Vyfaolu's Weapon Shop.
 12195 | D:10     | Found Xaraugat's Book Emporium.
 12231 | D:10     | Found a shadowy altar of Dithmenos.
 12464 | D:11     | Noticed a centaur warrior
 12474 | D:11     | Killed a centaur warrior
 12568 | D:11     | Noticed an ogre mage
 12574 | D:11     | Killed an ogre mage
 13165 | D:11     | Noticed a boulder beetle
 13174 | D:11     | Killed a boulder beetle
 13175 | D:11     | Reached skill level 1 in Armour
 13309 | D:11     | Found a staircase to the Orcish Mines.
 13513 | Orc:1    | Entered Level 1 of the Orcish Mines
 14254 | Orc:2    | Entered Level 2 of the Orcish Mines
 14266 | Orc:2    | Noticed an orc sorcerer
 14276 | Orc:2    | Paralysed by an orc sorcerer for 2 turns
 14279 | Orc:2    | Killed an orc sorcerer
 14388 | Orc:2    | Found a staircase to the Elven Halls.
 14403 | Orc:2    | Reached XP level 12. HP: 101/101 MP: 18/23
 14507 | Orc:2    | Noticed a two-headed ogre
 14520 | Orc:2    | Killed a two-headed ogre
 14521 | Orc:2    | Reached skill level 10 in Fighting
 14521 | Orc:2    | Reached skill level 10 in Ice Magic
 16085 | Orc:2    | Found Dyosau's Antique Weapon Shoppe.
 16098 | Orc:2    | Found Dibesino's Antique Weapon Boutique.
 16820 | Orc:2    | Found Mapru's Armour Shoppe.
 16820 | Orc:2    | Found Wuesch's General Store.
 17046 | D:10     | Bought the ring "Meill" {Wiz Int+3} for 649 gold pieces
 17129 | Orc:2    | Bought the +0 pair of gloves of the Beekeeper {Int+5} for
                  | 308 gold pieces
 17143 | Orc:2    | Bought a scroll of enchant armour for 82 gold pieces
 17143 | Orc:2    | Bought a potion of cancellation for 88 gold pieces
 17143 | Orc:2    | Bought a scroll of identify for 22 gold pieces
 17265 | D:10     | Bought a scroll of teleportation for 36 gold pieces
 17265 | D:10     | Bought a scroll of blinking for 90 gold pieces
 17508 | D:12     | Noticed a boulder beetle
 17517 | D:12     | Killed a boulder beetle
 17675 | D:12     | Noticed a two-headed ogre
 17683 | D:12     | Killed a two-headed ogre
 18385 | D:12     | Found a portal to a secret trove of treasure.
 18510 | D:12     | Reached XP level 13. HP: 97/111 MP: 16/24
 18824 | D:9      | Fell from the grace of Ignis
 18824 | D:9      | Became a worshipper of Vehumet
 18864 | Lair:1   | Entered Level 1 of the Lair of Beasts
 19910 | Lair:2   | Found a frozen archway.
 20036 | IceCv    | Entered an ice cave
 20118 | Lair:2   | Found a hole to the Spider Nest.
 20304 | Lair:2   | Found a staircase to the Shoals.
 21597 | Lair:3   | Reached * piety under Vehumet
 21597 | Lair:3   | Offered knowledge of Magic Dart by Vehumet.
 23277 | Lair:4   | Found a runed translucent gate.
 23278 | Lair:4   | Found a runed translucent gate.
 23286 | Lair:4   | Noticed Catyentaxio's ghost (journeyman MfBe)
 23334 | Lair:4   | Found a runed translucent gate.
 23736 | Lair:4   | Offered knowledge of Shock by Vehumet.
 23860 | Lair:4   | Reached ** piety under Vehumet
 24609 | Lair:5   | Entered Level 5 of the Lair of Beasts
 24847 | Lair:5   | Reached skill level 5 in Dodging
 24849 | Lair:5   | Gained mutation: You sometimes gain power by taking damage.
                  | [demonic ancestry]
 24849 | Lair:5   | Reached XP level 14. HP: 83/119 MP: 7/27
 24907 | Lair:5   | Offered knowledge of Searing Ray by Vehumet.
 25239 | Lair:5   | Reached *** piety under Vehumet
 25634 | Lair:5   | Offered knowledge of Iskenderun's Mystic Blast by Vehumet.
 25799 | Lair:5   | Was forgiven by Ignis
 26206 | Lair:5   | Found a viscous altar of Jiyva.
 26207 | Lair:5   | Found a staircase to the Slime Pits.
 26551 | Lair:5   | Reached **** piety under Vehumet
 26553 | Lair:5   | Offered knowledge of Flame Wave by Vehumet.
 26579 | Lair:5   | Reached skill level 10 in Spellcasting
 27249 | D:11     | Reached skill level 1 in Shields
 27285 | D:11     | Noticed an orc warlord
 27818 | D:13     | Noticed Lodul
 27823 | D:13     | Killed Lodul
 27824 | D:13     | Reached skill level 5 in Armour
 28162 | D:13     | Found a gate to the Vaults.
 28317 | D:13     | Noticed Rupert
 28428 | D:13     | Noticed Sonja
 28430 | D:13     | Killed Sonja
 28452 | D:13     | Reached ***** piety under Vehumet
 28462 | D:13     | Offered knowledge of Freezing Cloud by Vehumet.
 28642 | D:13     | Learned a level 5 spell: Freezing Cloud
 28734 | D:14     | Noticed a frost giant
 28752 | D:14     | Noticed Agnes
 29273 | D:14     | Reached skill level 5 in Shields
 29322 | D:15     | Entered Level 15 of the Dungeon
 29433 | D:15     | Gained mutation: You have claws for hands. [demonic
                  | ancestry]
 29433 | D:15     | Reached XP level 15. HP: 124/128 MP: 23/29
 30618 | Spider:1 | Entered Level 1 of the Spider Nest
 30866 | Spider:1 | Paralysed by a jorogumo for 2 turns
 31090 | Spider:1 | Identified the +1 robe of the Pink Corner {rElec Int+3}
 31735 | Spider:2 | Offered knowledge of Spellforged Servitor by Vehumet.
 31955 | Spider:2 | Paralysed by a jorogumo for 2 turns
 32483 | Elf:1    | Entered Level 1 of the Elven Halls
 32483 | Elf:1    | Found a runed translucent gate.
 32483 | Elf:1    | Found a runed translucent gate.
 32483 | Elf:1    | Found a runed translucent gate.
 32483 | Elf:1    | Found a runed translucent gate.
 32483 | Elf:1    | Found a runed translucent gate.
 32483 | Elf:1    | Found a runed translucent gate.
 32484 | Elf:1    | Found a runed translucent door.
 32554 | Elf:1    | Found a runed translucent door.
 32665 | Elf:1    | Got Sif Muna's Guide on Interference and Maleficent Arts
 32743 | Elf:1    | Reached skill level 5 in Short Blades
 32930 | Elf:1    | Gained mutation: Spells you cast may paralyse nearby
                  | enemies. [demonic ancestry]
 32930 | Elf:1    | Reached XP level 16. HP: 139/139 MP: 14/30
 33107 | Shoals:1 | Entered Level 1 of the Shoals
 33110 | Shoals:1 | Noticed a kraken
 33114 | Shoals:1 | Killed a kraken
 33805 | Shoals:1 | Reached ****** piety under Vehumet
 33836 | Shoals:1 | Offered knowledge of Iron Shot by Vehumet.
 35179 | Shoals:1 | Upgraded the game from 0.30-a0-140-gd1020e658a to
                  | 0.30-a0-141-g30f27751c5
 35249 | Shoals:1 | Learned a level 6 spell: Iron Shot
 35279 | Shoals:2 | Noticed Ilsuiw
 35294 | Shoals:2 | Killed from afar by Ilsuiw

Illustrated notes

Levels and vault maps discovered:
D:1:      roderic_crop_circles_arrival_small, layout_rooms
D:2:      layout_basic, hellmonk_ecumenical_altar_heavens_door,
          uniq_crazy_yiuf_cottage
D:3:      layout_basic, lexackson_kobold_supper
D:4:      layout_rooms, okawaru_ov_weapons_minmay,
          gammafunk_ghost_abyssal_escape, nicolae_ossuary_entry_giza,
          serial_bayou, serial_bayou_shore_b, serial_bayou_shore_b,
          serial_bayou_pond_c, serial_bayou_pond_d, uniq_blork_the_orc,
          uniq_sigmund
D:5:      layout_cave_pools, nicolae_sextant
D:6:      layout_basic, lemuel_round_altar, minmay_temple_entry_junction,
          serial_aquarium, aquarium_bridge_long_joined
          [aquarium_subvault_bridge, aquarium_subvault_balcony,
          aquarium_subvault_wall, aquarium_subvault_bridge,
          aquarium_subvault_bridge, aquarium_subvault_wall],
          aquarium_window_corridor_3, aquarium_window_1, aquarium_window_fake,
          aquarium_view_2c, aquarium_view_2f, aquarium_balcony_3a,
          kennysheep_generic_room_8
D:7:      layout_cave_pools, kennysheep_little_box, minmay_misc_feat_columns,
          kennysheep_decorative_pillar, chequers_mini_garden
D:8:      gammafunk_sealed_arena, layout_cave_pools, hellmonk_bongcloud_opening,
          uniq_amaemon, uniq_psyche, uniq_pikel
D:9:      layout_roguey, nicolae_overflow_hallway_of_the_gods,
          mainiacjoe_overflow_small_starburst, uniq_maurice, uniq_erolcha
D:10:     layout_basic, mainiacjoe_overflow_alcove_1,
          mainiacjoe_overflow_divided_tiny, serial_shops, nicolae_shop_trees,
          nicolae_shop_advertising_works [nicolae_subvault_shop_adworks],
          nicolae_shop_hallway_stairs, shop
D:11:     layout_roguey, orc_0_dummy, minmay_evil_grid
D:12:     layout_roguey, special_room [special_room_orc],
          nicolae_trove_entry_crystal
D:13:     layout_loops_cross, david_vaults_4, uniq_rupert, uniq_lodul,
          uniq_sonja
D:14:     layout_irregular_city, amcnicky_mini_rare_corridor_liquid,
          nicolae_rejected_hall, uniq_agnes
D:15:     grunt_enter_depths_snipers, layout_long_grid, minmay_misc_feat_tower,
          lightli_church_of_beogh
Lair:1:   layout_regular_city, serial_bayou_pond_e
Lair:2:   layout_roguey, elwin_shoals_entry_stream,
          nicolae_spider_entry_orb_guardian, portal_ice_cave_rime, st_stairs_13
Lair:3:   layout_chaotic_city, infiniplex_staircase_pool_2, lemuel_fruit_fields,
          serial_bayou_shore_a
Lair:4:   layout_cave_pods, gammafunk_ghost_split
Lair:5:   minmay_lair_end_enchanted_forest, layout_gridlike, slime_entry_1
Shoals:1: dreamdust_from_the_deep, layout_shoals
Shoals:2: layout_shoals, nicolae_shoals_beach_house_on_fowls_legs, uniq_louise,
          uniq_ilsuiw
Spider:1: layout_spider_delve
Spider:2: nicolae_spider_hilbert_zone_1 [nicolae_spider_hilbert_4_sides_1_open,
          nicolae_spider_hilbert_4_sides_1_open,
          nicolae_spider_hilbert_4_sides_1_open,
          nicolae_spider_hilbert_4_sides_1_open,
          nicolae_spider_hilbert_3_sides_1_open,
          nicolae_spider_hilbert_3_sides_1_open,
          nicolae_spider_hilbert_3_sides_1_open,
          nicolae_spider_hilbert_3_sides_1_open,
          nicolae_spider_hilbert_3_sides_1_open,
          nicolae_spider_hilbert_6_sides_1_open,
          nicolae_spider_hilbert_6_sides_1_open,
          nicolae_spider_hilbert_3_sides_1_open,
          nicolae_spider_hilbert_3_sides_1_open,
          nicolae_spider_hilbert_3_sides_1_open,
          nicolae_spider_hilbert_3_sides_1_open,
          nicolae_spider_hilbert_2_sides_1_open], special_room
          [special_room_bee], nicolae_spider_undead_wolf_pack
Orc:1:    layout_caves, nicolae_orc_lava_tube
Orc:2:    st_orc_town, layout_caves
Elf:1:    nicolae_elf_arrival_dilemma, layout_loops_cross,
          portal_desolation_entry_twin_temple, kennysheep_underground_church,
          nicolae_elf_altarnating

Skill      XL: |  1  2  3  4  5  6  7  8  9 10 11 12 13 14 15 16 |
---------------+-------------------------------------------------+-----
Air Magic      | 1 |  1.0
Fighting       | 1 2 3 4 6 7 8 9 11 12 14 | 14.3
Stealth        | 2 3 4 |  4.0
Short Blades   | 1 2 3 4 5 8 |  8.4
Poison Magic   | 5 6 7 8 |  8.7
Spellcasting   | 3 5 6 7 9 10 | 10.0
Ice Magic      | 4 7 9 12 14 | 14.4
Armour         | 3 6 9 |  9.2
Dodging        | 5 7 |  7.2
Shields        | 5 8 |  8.6
Conjurations   | |  0.3
Transmutations | |  0.8
Earth Magic    | |  0.3

Action                   |  1- 3 |  4- 6 |  7- 9 | 10-12 | 13-15 | 16-18 || total
-------------------------+-------+-------+-------+-------+-------+-------++-------
Melee: Unarmed           |    10 |       |       |       |       |       ||    10
       Dagger            |    43 |    60 |   174 |   397 |   598 |    49 ||  1321
       Punch             |     1 |       |     2 |    13 |     3 |       ||    19
 Cast: Sting             |    25 |    17 |    56 |    14 |     1 |       ||   113
       Poisonous Vapours |    21 |    11 |    48 |     3 |       |     3 ||    86
       Olgreb's Toxic Ra |       |       |    17 |   134 |   127 |    13 ||   291
       Ozocubu's Refrige |       |       |       |       |   216 |    59 ||   275
       Freezing Cloud    |       |       |       |       |     7 |       ||     7
Invok: Foxfire Swarm     |       |     2 |       |       |       |       ||     2
       Fiery Armour      |       |       |       |     5 |       |       ||     5
  Use: Scroll            |       |     4 |     8 |    15 |    20 |       ||    47
       Potion            |       |       |     1 |     3 |     8 |       ||    12
 Stab: Paralysed         |    23 |    19 |    68 |    85 |    97 |     9 ||   301
       Sleeping          |     4 |     9 |     5 |    12 |     7 |       ||    37
       Invisible         |       |       |       |       |       |     1 ||     1
Armor: Robe              |    10 |     8 |       |       |       |       ||    18
       Leather armour    |       |     5 |    56 |    43 |       |       ||   104
       Acid dragon scale |       |       |       |    58 |       |       ||    58
       Troll leather arm |       |       |       |    19 |   287 |    17 ||   323
Dodge: Dodged            |    31 |    16 |    90 |   176 |   448 |    19 ||   780
Block: Other             |     1 |    10 |    54 |    80 |    63 |       ||   208
       Reflection        |       |     3 |       |     3 |    11 |     3 ||    20
       Buckler           |       |       |       |       |   227 |    20 ||   247

Table legend: (Time is in decaauts)
 A = Elapsed time spent in this place.
 B = Non-inter-level travel time spent in this place.
 C = Inter-level travel time spent in this place.
 D = Time resting spent in this place.
 E = Time spent auto-exploring this place.
 F = Levels seen in this place.
 G = Mean time per level.
                   A        B        C        D        E       F      G
               +--------+--------+--------+--------+--------+-----+--------+
         Total |  35288 |  33206 |   2082 |   3087 |  25514 |  29 | 1216.8 |
       Dungeon |  18103 |  16824 |   1279 |    977 |  13440 |  15 | 1206.9 |
          Lair |   8567 |   8190 |    377 |    770 |   6491 |   5 | 1713.4 |
        Shoals |   2232 |   2210 |     22 |     30 |   1925 |   2 | 1116.0 |
   Spider Nest |   1461 |   1343 |    118 |    197 |    808 |   2 |  730.5 |
  Orcish Mines |   3698 |   3452 |    246 |   1051 |   1924 |   2 | 1849.0 |
   Elven Halls |    481 |    442 |     39 |     62 |    338 |   1 |  481.0 |
       Ossuary |    739 |    739 |      0 |      0 |    588 |   1 |  739.0 |
      Ice Cave |      3 |      3 |      0 |      0 |      0 |   1 |    3.0 |
               +--------+--------+--------+--------+--------+-----+--------+

Top non-repeatable levels by time:
  Lair:2: 2361 daAuts
Shoals:1: 2207 daAuts
  Lair:5: 2196 daAuts
   Orc:2: 1970 daAuts
    D:11: 1732 daAuts
   Orc:1: 1727 daAuts
     D:6: 1687 daAuts
    D:12: 1492 daAuts
  Lair:3: 1486 daAuts
  Lair:4: 1478 daAuts
     D:4: 1388 daAuts
     D:2: 1374 daAuts
     D:9: 1269 daAuts
     D:1: 1214 daAuts
Spider:1: 1209 daAuts
